[Event "Titled Tuesday Blitz April 25 Late 2023"]
[White "Nasuta, Grzegorz"]
[Black "Grigoriants, Sergey"]
[WhiteFideId "1141686"]
[BlackFideId "4130804"]
[WhiteElo "2449"]
[BlackElo "2502"]
[Result "0-1"]
[Round "10"]
[TimeControl "180+2"]
[Date "2023.04.25"]
[WhiteClock "0:00:07"]
[BlackClock "0:00:06"]

1. e4 e5 2. Nf3 Nc6 3. Bc4 Bc5 4. O-O Nf6 5. d3 d6 6. c3 a6 7. Bb3 h6 8. Nbd2 O-O 9. h3 Re8 10. Re1 Be6 11. Nf1 Bxb3 12. Qxb3 Rb8 13. Be3 Bxe3 14. Nxe3 Qd7 15. Rad1 g6 16. Nd5 Nxd5 17. Qxd5 Qe6 18. Qxe6 fxe6 19. b4 b5 20. Nd2 a5 21. a3 Ra8 22. Rb1 axb4 23. axb4 Ra2 24. Nf3 Rea8 25. Rec1 R8a4 26. Kf1 Kf7 27. Ne1 Ke7 28. Rc2 d5 29. Rbb2 Ra1 30. Ke2 Kd6 31. Nf3 g5 32. Nd2 Rg1 33. g3 Raa1 34. Nf3 Rh1 35. c4 bxc4 36. dxc4 dxe4 37. Rd2+ Ke7 38. b5 exf3+ 39. Kxf3 Nd4+ 40. Kg4 Kf6 41. c5 h5+ 42. Kxh5 Rxh3+ 43. Kg4 Rh7 44. b6 cxb6 45. cxb6 Rb7 46. f4 gxf4 47. gxf4 Ra4 48. fxe5+ Kxe5 49. Kg3 Kd5 50. Kf4 Ra6 51. Ke3 e5 52. Rb5+ Ke6 53. Rc5 Raxb6 54. Ke4 Rb5 55. Rxb5 Rxb5 56. Rh2 Kd6 57. Rh6+ Ne6 58. Rh8 Rb4+ 59. Kd3 Rf4 60. Ke3 Ke7 61. Ra8 Kf6 62. Ra6 Rh4 63. Kf3 Kf5 64. Kg3 Rb4 65. Ra5 Rb3+ 66. Kf2 Nd4 67. Ra8 Kf4 68. Ke1 Ke3 69. Ra1 Nc2+ 70. Kd1 Nxa1 71. Kc1 e4 72. Kd1 Rd3+ 73. Kc1 Kf2 74. Kb2 Rd8 75. Kc3 e3 76. Kb4 e2 77. Kc3 e1=Q+ 78. Kb2 Qd2+ 79. Ka3 Ra8# 0-1


[Site "https://www.chess.com"]

[Event "Titled Tuesday Blitz April 25 Late 2023"]
[White "Anton Guijarro, David"]
[Black "Andreikin, Dmitry"]
[WhiteFideId "2285525"]
[BlackFideId "4158814"]
[WhiteElo "2618"]
[BlackElo "2736"]
[Result "0-1"]
[Round "10"]
[TimeControl "180+2"]
[Date "2023.04.25"]
[WhiteClock "0:00:04"]
[BlackClock "0:00:09"]

1. d4 Nf6 2. Nf3 c5 3. d5 b5 4. Bg5 Qb6 5. a4 b4 6. Nbd2 Nxd5 7. e4 Nc7 8. Bd3 Ne6 9. Nc4 Qc7 10. Bh4 Nc6 11. O-O g6 12. Bg3 Nf4 13. Ng5 Bh6 14. Qg4 e5 15. Bxf4 exf4 16. Qh4 Bg7 17. e5 Bxe5 18. Nxe5 Nxe5 19. Qxf4 d6 20. Bb5+ Bd7 21. Bxd7+ Qxd7 22. Ne4 Qe6 23. Rad1 Rd8 24. Nf6+ Ke7 25. Nd5+ Kf8 26. Qh6+ Kg8 27. Rfe1 f6 28. f4 Nf7 29. Qh4 g5 30. fxg5 fxg5 31. Qf2 Ne5 32. Qg3 h6 33. Rf1 Kg7 34. Rf6 Qg4 35. Qxg4 Nxg4 36. Re6 Rhe8 37. Rde1 Ne5 38. Rxe8 Rxe8 39. Re3 Kf7 40. h3 Nc4 41. Rf3+ Kg7 42. b3 Ne5 43. Re3 Kf7 44. c3 bxc3 45. Rxc3 Rb8 46. Re3 Ke6 47. Nc7+ Kd7 48. Nd5 Nc6 49. Rf3 Nd4 50. Rf6 Rxb3 51. Rxh6 c4 52. Rh7+ Kc6 53. Ne7+ Kc5 54. Nc8 c3 55. Rc7+ Kd5 56. Nxa7 c2 57. Kh2 Rb1 58. Nb5 c1=Q 0-1


[Site "https://www.chess.com"]

[Event "Titled Tuesday Blitz April 25 Late 2023"]
[White "Lazavik, Denis"]
[Black "Bilych, Olexiy"]
[WhiteFideId "13515110"]
[BlackFideId "14156504"]
[WhiteElo "2560"]
[BlackElo "2320"]
[Result "1-0"]
[Round "10"]
[TimeControl "180+2"]
[Date "2023.04.25"]
[WhiteClock "0:01:19"]
[BlackClock "0:00:07"]

1. d4 d5 2. c4 c6 3. Nf3 Nf6 4. Nc3 e6 5. g3 dxc4 6. Bg2 b5 7. O-O Nbd7 8. e4 Bb7 9. e5 Nd5 10. Ng5 Be7 11. Qh5 g6 12. Qh6 Bf8 13. Qh3 Be7 14. Nce4 Qb6 15. Nd6+ Bxd6 16. exd6 Nf8 17. Re1 Qxd4 18. Ne4 O-O-O 19. Bg5 f6 20. Rad1 Qxb2 21. Rxd5 fxg5 22. Rd2 Qe5 23. Qh6 Nd7 24. Rdd1 c3 25. Nxg5 c2 26. Rc1 Qxd6 27. Rxc2 Qd3 28. Be4 Qd6 29. Nf7 Qb4 30. Rec1 Qxe4 31. Nd6+ 1-0


[Site "https://www.chess.com"]

[Event "Titled Tuesday Blitz April 25 Late 2023"]
[White "Kollars, Dmitrij"]
[Black "Larino Nieto, David"]
[WhiteFideId "12909572"]
[BlackFideId "2256444"]
[WhiteElo "2584"]
[BlackElo "2506"]
[Result "1-0"]
[Round "10"]
[TimeControl "180+2"]
[Date "2023.04.25"]
[WhiteClock "0:00:14"]
[BlackClock "0:00:02"]

1. c4 e6 2. Nf3 g5 3. h3 h5 4. d4 Bh6 5. Nc3 d6 6. g3 g4 7. hxg4 hxg4 8. Bxh6 Rxh6 9. Rxh6 Nxh6 10. Nh4 Qg5 11. Bg2 Nc6 12. e3 Bd7 13. c5 O-O-O 14. Ne4 Qe7 15. cxd6 cxd6 16. d5 exd5 17. Qxd5 Be6 18. Qb5 a6 19. Qb6 d5 20. Nc5 Qc7 21. Qxc7+ Kxc7 22. Rc1 Nf5 23. Nxf5 Bxf5 24. Kd2 Be4 25. Bxe4 dxe4+ 26. Ke2 Re8 27. Rd1 Re7 28. Rd5 b6 29. Nb3 Ne5 30. Nd4 Nf3 31. b4 Re8 32. Rf5 Re7 33. Rf4 Nxd4+ 34. exd4 Kd6 35. Ke3 Kd5 36. Rxg4 1-0


[Site "https://www.chess.com"]

[Event "Titled Tuesday Blitz April 25 Late 2023"]
[White "Ehlvest, Jaan"]
[Black "Terry, Renato"]
[WhiteFideId "4500016"]
[BlackFideId "3803457"]
[WhiteElo "2442"]
[BlackElo "2575"]
[Result "0-1"]
[Round "10"]
[TimeControl "180+2"]
[Date "2023.04.25"]
[WhiteClock "0:02:17"]
[BlackClock "0:02:48"]

1. e4 e6 2. Qe2 d5 3. exd5 Nf6 4. c4 Bc5 5. Nf3 O-O 6. d4 Bb4+ 7. Bd2 Bxd2+ 8. Qxd2 exd5 9. cxd5 Nxd5 10. Be2 Nc6 11. O-O Re8 12. Nc3 Bg4 13. h3 Bh5 14. Rfe1 Qd6 15. Rad1 Nf4 16. d5 Nxe2+ 17. Rxe2 Bxf3 0-1


[Site "https://www.chess.com"]

[Event "Titled Tuesday Blitz April 25 Late 2023"]
[White "Goltsev, Dmitry"]
[Black "Hansen, Eric"]
[WhiteFideId "24176710"]
[BlackFideId "2606771"]
[WhiteElo "2336"]
[BlackElo "2561"]
[Result "0-1"]
[Round "10"]
[TimeControl "180+2"]
[Date "2023.04.25"]
[WhiteClock "0:00:03"]
[BlackClock "0:00:38"]

1. e4 c5 2. Nf3 e6 3. d4 cxd4 4. Nxd4 a6 5. Nc3 Qc7 6. Be2 Nf6 7. Be3 Bb4 8. Qd3 d5 9. exd5 Nxd5 10. Bd2 Nxc3 11. Bxc3 Bxc3+ 12. Qxc3 Qxc3+ 13. bxc3 e5 14. Nb3 Kd7 15. O-O-O+ Kc7 16. Bc4 f6 17. Nc5 Nc6 18. Rd3 Bf5 19. Rf3 Ne7 20. Re1 Kc6 21. Nb3 Rad8 22. Nd4+ Kc5 23. Bb3 Bd7 24. Rd3 Nc6 25. Ne2 Bf5 26. Rxd8 Rxd8 27. Ng3 Bg6 28. h4 h5 29. Be6 Rd6 30. Bf7 Bxf7 31. Ne4+ Kd5 32. Rd1+ Kxe4 33. Rxd6 Bxa2 34. Rd7 g5 35. Rxb7 gxh4 36. Rb6 Kd5 37. Rxa6 Bc4 38. Ra8 Bf1 39. Rg8 Ne7 40. Rg7 Nf5 41. Rg8 Ke6 42. g4 Kf7 43. Rh8 hxg4 44. Kd2 Bc4 45. Ke1 h3 46. f3 gxf3 47. Rxh3 e4 48. Kf2 Bd5 49. Rh4 e3+ 50. Kf1 Nxh4 0-1


[Site "https://www.chess.com"]

[Event "Titled Tuesday Blitz April 25 Late 2023"]
[White "Quesada Perez, Yasser"]
[Black "Sieciechowicz, Marcin"]
[WhiteFideId "3509362"]
[BlackFideId "1130170"]
[WhiteElo "2496"]
[BlackElo "2302"]
[Result "1-0"]
[Round "10"]
[TimeControl "180+2"]
[Date "2023.04.25"]
[WhiteClock "0:00:05"]
[BlackClock "0:00:01"]

1. e4 e6 2. d3 d5 3. Nd2 Nf6 4. Ngf3 Bc5 5. e5 Nfd7 6. c3 Bb6 7. b4 a5 8. b5 a4 9. Ba3 f6 10. d4 c5 11. bxc6 Nxc6 12. exf6 Qxf6 13. Bb5 e5 14. dxe5 Ndxe5 15. O-O Bg4 16. Be2 O-O-O 17. Qxa4 Nxf3+ 18. Bxf3 Bxf3 19. Nxf3 Qxc3 20. Rfc1 Qa5 21. Rxc6+ bxc6 22. Qxc6+ Bc7 23. Qe6+ Rd7 24. Bb2 Qb6 25. Qe2 d4 26. Rc1 d3 27. Qd2 Re8 28. Be5 Kb7 29. Rc3 Qb1+ 30. Rc1 Qb6 31. Bc3 Re2 32. Qd1 Rc2 33. Rxc2 dxc2 34. Qxc2 Qb5 35. g3 Bb6 36. Kg2 Qd5 37. Qe2 Rf7 38. Be5 g5 39. h3 h5 40. g4 hxg4 41. hxg4 Re7 42. Qb2 Re6 43. Bd4 Ka7 44. Bxb6+ Rxb6 45. Qg7+ Ka6 46. Qxg5 Qc6 47. Qf4 Rb5 48. Qa4+ Kb6 49. Qd4+ Ka6 50. Qa4+ Kb6 51. Qf4 Ka6 52. a4 Rc5 53. g5 Rc4 54. Qf5 Qxa4 55. Kg3 Qc6 56. Ne5 Rc3+ 57. f3 Qb5 58. Qe6+ Ka5 59. g6 Rc1 60. Qa2+ Kb6 61. Qe6+ Ka5 62. Kg4 Rg1+ 63. Kf5 Qb1+ 64. Kf6 Qb2 65. Qd5+ Ka4 66. Qe4+ 1-0


[Site "https://www.chess.com"]

[Event "Titled Tuesday Blitz April 25 Late 2023"]
[White "Indjic, Aleksandar"]
[Black "Papasimakopoulos, Alexandros"]
[WhiteFideId "911925"]
[BlackFideId "4244125"]
[WhiteElo "2614"]
[BlackElo "2359"]
[Result "0-1"]
[Round "10"]
[TimeControl "180+2"]
[Date "2023.04.25"]
[WhiteClock "0:00:08"]
[BlackClock "0:00:13"]

1. e4 e6 2. d4 d5 3. Nc3 Bb4 4. exd5 exd5 5. Bd3 Nc6 6. Ne2 Nge7 7. O-O Bf5 8. a3 Bxc3 9. bxc3 O-O 10. Ng3 Bxd3 11. cxd3 Re8 12. a4 Ng6 13. Qf3 Qd7 14. Nh5 Re6 15. Qg4 Rf8 16. Qg3 Nce7 17. Bd2 Re8 18. Qg4 Rd6 19. Qxd7 Rxd7 20. Rfe1 Kf8 21. a5 Rdd8 22. Rab1 b6 23. axb6 axb6 24. Ra1 Nc6 25. Rxe8+ Rxe8 26. Bf4 Nxf4 27. Nxf4 Rd8 28. h4 g6 29. Kf1 Ke7 30. Ke2 Kd6 31. Kd2 Re8 32. g3 h5 33. Ra4 Na5 34. Ng2 Nb3+ 35. Kc2 Na5 36. Ne3 Re7 37. c4 dxc4 38. dxc4 Re8 39. Kd3 Nc6 40. Ra1 Nb4+ 41. Kc3 Nc6 42. Ra2 Re4 43. Rd2 Re8 44. c5+ bxc5 45. dxc5+ Kxc5 46. Rd5+ Kb6 47. Rd7 Ne5 48. Rd4 Kc6 49. Re4 f5 50. Ra4 Kd6 51. Ra6+ c6 52. Ra7 Ng4 53. Nc4+ Ke6 54. f3 Nh2 55. f4 Nf1 56. Ne5 Nxg3 57. Rc7 Ne2+ 58. Kc4 Nxf4 59. Nf3 Kd6 60. Rg7 Re4+ 61. Kc3 Re3+ 62. Kd4 Rxf3 0-1


[Site "https://www.chess.com"]

[Event "Titled Tuesday Blitz April 25 Late 2023"]
[White "Gritsenko, Nikolai"]
[Black "Bartel, Mateusz"]
[WhiteFideId "14112493"]
[BlackFideId "1112635"]
[WhiteElo "2389"]
[BlackElo "2521"]
[Result "1/2-1/2"]
[Round "10"]
[TimeControl "180+2"]
[Date "2023.04.25"]
[WhiteClock "0:00:05"]
[BlackClock "0:00:08"]

1. e4 c6 2. d4 d5 3. f3 e6 4. Nc3 Nf6 5. Nge2 Be7 6. Be3 b5 7. a3 a5 8. Qd2 Ba6 9. e5 Nfd7 10. Nd1 b4 11. a4 c5 12. f4 Nc6 13. dxc5 Nxc5 14. Nf2 b3 15. c3 O-O 16. Nd4 Nxd4 17. Bxd4 Qd7 18. Bxa6 Rxa6 19. Qe2 Rfa8 20. Nd3 Nxa4 21. O-O Nb6 22. g4 Nc4 23. f5 a4 24. f6 Bf8 25. fxg7 Bxg7 26. Nc5 Qc7 27. Nxa6 Rxa6 28. Rf2 a3 29. Rxa3 Rxa3 30. bxa3 b2 31. Rf1 Bxe5 32. Bxe5 Qxe5 33. Qxe5 Nxe5 34. Rb1 Nc4 35. a4 Kf8 36. a5 Nxa5 37. Rxb2 Nc4 38. Rb7 Nd6 39. Rc7 Kg7 40. Kg2 Kf6 41. Kf3 Ne4 42. h4 h6 43. Ke3 Nd6 44. Rc6 Ke5 45. Rc7 Nc4+ 46. Kf3 Kf6 47. Kf4 Nd6 48. Rc6 Ne4 49. c4 Nc3 50. Ke3 Ke5 51. cxd5 Nxd5+ 52. Kf3 Kf6 53. Rc5 Ne7 54. Rc7 Ng6 55. Kg3 Ne5 56. Ra7 Ng6 57. Ra5 Ne7 58. Kf4 Ng6+ 59. Kg3 Ne7 60. Kf4 Nd5+ 61. Kg3 Kg6 62. Ra6 Nf6 63. Ra7 Ne4+ 64. Kh3 Nf2+ 65. Kg3 Ne4+ 66. Kh3 Nf6 67. Kg3 Nd5 68. Kh3 Kf6 69. Kg3 Kg6 70. Kh3 Nc3 71. Kg3 Ne4+ 1/2-1/2


[Site "https://www.chess.com"]

[Event "Titled Tuesday Blitz April 25 Late 2023"]
[White "Sabuk, Piotr"]
[Black "Rozen, Eytan"]
[WhiteFideId "1137565"]
[BlackFideId "2816750"]
[WhiteElo "2298"]
[BlackElo "2451"]
[Result "1-0"]
[Round "10"]
[TimeControl "180+2"]
[Date "2023.04.25"]
[WhiteClock "0:00:08"]
[BlackClock "0:00:01"]

1. d4 Nf6 2. c4 g6 3. Nc3 Bg7 4. e4 O-O 5. Nf3 d6 6. h3 Nbd7 7. Bg5 e5 8. d5 h6 9. Be3 Nc5 10. Nd2 a5 11. g4 Nh7 12. h4 c6 13. Nb3 cxd5 14. cxd5 b6 15. Be2 a4 16. Nxc5 bxc5 17. Nxa4 f5 18. h5 f4 19. hxg6 Ng5 20. Bd2 Nxe4 21. Nc3 Nxd2 22. Qxd2 e4 23. Nxe4 Rb8 24. Rb1 Qe7 25. f3 Bxg4 26. Kf1 Bf5 27. Bd3 c4 28. Bxc4 Bxe4 29. Qe2 Rb4 30. b3 Rfb8 31. Re1 Re8 32. Qxe4 Qxe4 33. Rxe4 Ra8 34. Rh2 Be5 35. a4 Kg7 36. Rg2 Rab8 37. Kg1 Rxb3 38. Bxb3 Rxb3 39. Ra2 Rxf3 40. a5 Rb3 41. a6 f3 42. Kf2 1-0


[Site "https://www.chess.com"]

[Event "Titled Tuesday Blitz April 25 Late 2023"]
[White "Kucuksari, Kaan"]
[Black "Mekhitarian, Krikor Sevag"]
[WhiteFideId "6380166"]
[BlackFideId "2107660"]
[WhiteElo "2364"]
[BlackElo "2604"]
[Result "1-0"]
[Round "10"]
[TimeControl "180+2"]
[Date "2023.04.25"]
[WhiteClock "0:01:38"]
[BlackClock "0:00:55"]

1. d4 Nf6 2. c4 g6 3. g3 Bg7 4. Bg2 d5 5. cxd5 Nxd5 6. Nf3 Nb6 7. O-O Nc6 8. e3 e5 9. Nc3 exd4 10. exd4 O-O 11. Bg5 Qd7 12. Ne4 f6 13. Nc5 Qf7 14. Bd2 Nd5 15. Qb3 Rd8 16. Nxb7 Bxb7 17. Qxb7 Nce7 18. Qa6 Rab8 19. Bc3 Nxc3 20. bxc3 Nd5 21. Rac1 c5 22. dxc5 Qc7 23. Nd4 Qxc5 24. Ne6 Qd6 25. Qxd6 Rxd6 26. Rcd1 1-0


[Site "https://www.chess.com"]

[Event "Titled Tuesday Blitz April 25 Late 2023"]
[White "Schnaider, Ilan"]
[Black "Djordjevic, Vuk"]
[WhiteFideId "169013"]
[BlackFideId "902098"]
[WhiteElo "2224"]
[BlackElo "2452"]
[Result "1-0"]
[Round "10"]
[TimeControl "180+2"]
[Date "2023.04.25"]
[WhiteClock "0:01:09"]
[BlackClock "0:00:03"]

1. e4 e6 2. d4 d5 3. Nd2 Be7 4. Bd3 c5 5. Ngf3 Nf6 6. e5 Nfd7 7. c3 b6 8. O-O Ba6 9. Bxa6 Nxa6 10. Re1 b5 11. Nf1 b4 12. Ng3 h5 13. h3 h4 14. Ne2 Nc7 15. cxb4 cxb4 16. Be3 a5 17. Rc1 Nb6 18. b3 Qd7 19. Qd3 Nb5 20. Bg5 Bxg5 21. Nxg5 Rh5 22. f4 Nc7 23. Rc2 Ke7 24. Rec1 Ne8 25. Qf3 g6 26. Rc6 Qa7 27. Qg4 Nd7 28. Nxf7 Kxf7 29. Qxe6+ Kf8 30. Qxg6 Rh8 31. Qf5+ Ke7 32. Re6+ Kd8 33. Qg5+ Ndf6 34. exf6 Qf7 35. Qxd5+ Qd7 36. Qxa8+ Qc8 37. Qxc8# 1-0


[Site "https://www.chess.com"]

[Event "Titled Tuesday Blitz April 25 Late 2023"]
[White "Harshavardhan G B"]
[Black "Piesik, Piotr"]
[WhiteFideId "25059009"]
[BlackFideId "1136194"]
[WhiteElo "2323"]
[BlackElo "2299"]
[Result "1-0"]
[Round "10"]
[TimeControl "180+2"]
[Date "2023.04.25"]
[WhiteClock "0:01:37"]
[BlackClock "0:01:34"]

1. e4 g6 2. h4 h5 3. Nf3 c6 4. d4 d5 5. Nc3 Nh6 6. Bd3 Bg4 7. Bg5 Bg7 8. Qe2 dxe4 9. Nxe4 O-O 10. O-O-O Nf5 11. c3 Qa5 12. Kb1 Nd7 13. Ned2 Rfe8 14. Nc4 Qc7 15. Qc2 b5 16. Ne3 Nxe3 17. fxe3 e5 18. Rdf1 f6 19. Bxg6 fxg5 20. Nxg5 Nf6 21. Bf7+ Kf8 22. Qg6 Qe7 23. Rxf6 Qxf6 24. Nh7+ Ke7 25. Nxf6 Bxf6 26. Rf1 Bxh4 27. Bxe8 1-0


[Site "https://www.chess.com"]

[Event "Titled Tuesday Blitz April 25 Late 2023"]
[White "Leitao, Rafael"]
[Black "Ismagilov, Damir"]
[WhiteFideId "2101246"]
[BlackFideId "34199982"]
[WhiteElo "2609"]
[BlackElo "2078"]
[Result "1/2-1/2"]
[Round "10"]
[TimeControl "180+2"]
[Date "2023.04.25"]
[WhiteClock "0:00:06"]
[BlackClock "0:00:04"]

1. c4 e6 2. g3 Nf6 3. Bg2 d5 4. Nf3 dxc4 5. Qa4+ Nbd7 6. Qxc4 a6 7. Qc2 Be7 8. O-O O-O 9. d4 Rb8 10. Bf4 Nd5 11. Nc3 Nxf4 12. gxf4 c5 13. d5 exd5 14. Nxd5 Nf6 15. Nxe7+ Qxe7 16. Rac1 b6 17. Ne5 Bb7 18. e3 Bxg2 19. Kxg2 Rbd8 20. Rfd1 Qe6 21. Qb3 Nd5 22. h3 f6 23. Nf3 c4 24. Qa3 b5 25. Qc5 Qf5 26. Kh2 Qh5 27. Nd4 Qh4 28. Kg1 Qxh3 29. Ne2 Qg4+ 30. Ng3 Nxf4 31. Rxd8 Nh3+ 32. Kg2 Rxd8 33. Qf5 Qxf5 34. Nxf5 Ng5 35. Nd4 Kf7 36. a4 Ne6 37. Nc6 Rc8 38. axb5 axb5 39. Na7 Rc5 40. b4 cxb3 41. Rb1 Rg5+ 42. Kf1 h5 43. Rxb3 h4 44. Rxb5 Rxb5 45. Nxb5 g5 46. f3 Kg6 47. Kg2 Ng7 48. Nd4 Nf5 49. Nc2 Nd6 50. e4 Nf7 51. Ne3 Ne5 52. Nf5 Nd3 53. Ne7+ Kf7 54. Nf5 Nf4+ 55. Kf2 Ke6 56. Nd4+ Ke5 57. Nf5 Ne6 58. Kg2 Nd4 59. Ne3 Ne6 60. Ng4+ Kf4 61. Nxf6 h3+ 62. Kxh3 Kxf3 63. Kh2 Nd4 64. e5 Nf5 65. e6 Ne7 66. Kh3 Ng6 67. Kh2 Kf4 68. Kg2 Kf5 69. Nh7 g4 70. Kg3 Kxe6 71. Kxg4 1/2-1/2


[Site "https://www.chess.com"]

[Event "Titled Tuesday Blitz April 25 Late 2023"]
[White "Pakleza, Zbigniew"]
[Black "Lenaerts, Lennert"]
[WhiteFideId "1119290"]
[BlackFideId "211435"]
[WhiteElo "2410"]
[BlackElo "2334"]
[Result "0-1"]
[Round "10"]
[TimeControl "180+2"]
[Date "2023.04.25"]
[WhiteClock "0:00:01"]
[BlackClock "0:00:06"]

1. d4 d5 2. Bf4 Nf6 3. e3 e6 4. Nd2 c5 5. c3 Bd6 6. Bg3 O-O 7. Ngf3 b6 8. Ne5 Bb7 9. f4 Ne4 10. Nxe4 dxe4 11. Nc4 Be7 12. Be2 Nd7 13. O-O Rc8 14. f5 exf5 15. Rxf5 cxd4 16. cxd4 Nf6 17. Qb3 Nd5 18. Raf1 g6 19. Re5 f5 20. Rxe7 Qxe7 21. Nd6 Rcd8 22. Nxb7 Qxb7 23. Be5 a6 24. Rc1 Rd7 25. a4 Rc8 26. Rf1 h5 27. h3 Kh7 28. g4 fxg4 29. hxg4 Rf7 30. Bxa6 Rxf1+ 31. Bxf1 Qd7 32. Bh3 Rc1+ 33. Kh2 Qf7 34. Bg3 hxg4 35. Bg2 Nf6 36. Bf4 Qxb3 0-1


[Site "https://www.chess.com"]

[Event "Titled Tuesday Blitz April 25 Late 2023"]
[White "Gonzalez, Francisco Silva"]
[Black "Weetik, Vjacheslav"]
[WhiteFideId "1512285"]
[BlackFideId "4153472"]
[WhiteElo "2074"]
[BlackElo "2469"]
[Result "1-0"]
[Round "10"]
[TimeControl "180+2"]
[Date "2023.04.25"]
[WhiteClock "0:00:31"]
[BlackClock "0:00:02"]

1. d4 Nf6 2. c4 g6 3. Nc3 Bg7 4. e4 d6 5. f3 O-O 6. Be3 e5 7. d5 c6 8. Bd3 Nh5 9. Qd2 cxd5 10. cxd5 f5 11. O-O-O Na6 12. Nge2 Bd7 13. h3 f4 14. Bf2 Qa5 15. Kb1 Nb4 16. a3 Nxd3 17. Qxd3 Rfc8 18. Nc1 b5 19. Nb3 Qa6 20. a4 Rab8 21. Rc1 Bf8 22. axb5 Bxb5 23. Nxb5 Rxc1+ 24. Rxc1 Rxb5 25. Rc6 Qb7 26. Rc7 Rxb3 27. Rxb7 Rxd3 28. Kc2 Re3 29. Bxe3 fxe3 30. Kd3 Bh6 31. Rxa7 Nf4+ 32. Kxe3 Nxd5+ 33. Ke2 Ne3 34. g3 d5 35. exd5 Nxd5 36. Kd3 Bf8 37. Ke4 Nb4 38. Rb7 Nc6 39. Kd5 Nd4 40. f4 Nf5 41. fxe5 Nxg3 42. e6 Nf5 43. b4 Ne7+ 44. Kc4 Nc6 45. Rc7 Nxb4 46. e7 Bxe7 47. Rxe7 Nc6 48. Rc7 Ne5+ 49. Kd5 Nf7 50. h4 h6 51. Ke6 Nd8+ 52. Kf6 g5 53. Rc8 1-0


[Site "https://www.chess.com"]

[Event "Titled Tuesday Blitz April 25 Late 2023"]
[White "Demchenko, Anton"]
[Black "Espinosa, Pedro"]
[WhiteFideId "4160258"]
[BlackFideId "30921066"]
[WhiteElo "2545"]
[BlackElo "2016"]
[Result "1-0"]
[Round "10"]
[TimeControl "180+2"]
[Date "2023.04.25"]
[WhiteClock "0:00:49"]
[BlackClock "0:00:21"]

1. e4 c5 2. Nc3 Nc6 3. Bb5 Nd4 4. a4 a6 5. Bc4 e6 6. Nf3 Nf6 7. d3 d5 8. Ba2 Be7 9. exd5 exd5 10. Nxd4 cxd4 11. Ne2 Bg4 12. O-O O-O 13. h3 Bh5 14. f3 Bc5 15. g4 Bg6 16. f4 h5 17. g5 Nd7 18. Bxd5 Qc7 19. f5 Bh7 20. Bf4 Qb6 21. g6 Bxg6 22. fxg6 Qxg6+ 23. Bg2 Rfe8 24. Ng3 Nf6 25. Kh1 Re6 26. Ne4 Ba7 27. Nxf6+ Rxf6 28. Bh2 Re6 29. Be4 Qg5 30. Qf3 Rae8 31. Qxf7+ Kh8 32. Qf8+ Rxf8 33. Rxf8# 1-0


[Site "https://www.chess.com"]

[Event "Titled Tuesday Blitz April 25 Late 2023"]
[White "Hambleton, Aman"]
[Black "Munoz, Francisco Javier"]
[WhiteFideId "2606577"]
[BlackFideId "128368"]
[WhiteElo "2511"]
[BlackElo "2383"]
[Result "1-0"]
[Round "10"]
[TimeControl "180+2"]
[Date "2023.04.25"]
[WhiteClock "0:00:04"]
[BlackClock "0:00:42"]

1. d4 d5 2. Bf4 e6 3. e3 Nf6 4. Nd2 Bd6 5. Ngf3 O-O 6. Bd3 c5 7. c3 Nc6 8. Bg3 b6 9. e4 Be7 10. e5 Nd7 11. a3 c4 12. Bc2 b5 13. h4 a5 14. Bxh7+ Kxh7 15. Ng5+ Kg6 16. Qg4 f5 17. h5+ Kh6 18. Nf7+ Kh7 19. Qg6+ Kg8 20. Nxd8 Nxd8 21. h6 Rf7 22. Bf4 Nf8 23. Qg3 g6 24. Nf3 Kh7 25. Bg5 Rb8 26. Bxe7 Rxe7 27. Qh4 Rbb7 28. Qf6 Kg8 29. h7+ Rxh7 30. Rxh7 Rxh7 31. Qxd8 Rh1+ 32. Kd2 Rxa1 33. Ng5 Kg7 34. Qe7+ Kh6 35. Nf7+ Kg7 36. Nd6+ Kh6 37. Qxf8+ Kg5 38. Qe7+ Kg4 39. Nf7 Rd1+ 40. Kxd1 Kf4 41. Qg5+ Ke4 42. Kd2 b4 43. Nd6# 1-0


[Site "https://www.chess.com"]

[Event "Titled Tuesday Blitz April 25 Late 2023"]
[White "Holt, Conrad"]
[Black "Martinez Reyes, Pedro Ramon"]
[WhiteFideId "2034387"]
[BlackFideId "3901807"]
[WhiteElo "2592"]
[BlackElo "2340"]
[Result "1-0"]
[Round "10"]
[TimeControl "180+2"]
[Date "2023.04.25"]
[WhiteClock "0:01:06"]
[BlackClock "0:01:10"]

1. d4 Nf6 2. c4 c5 3. d5 e5 4. Nc3 d6 5. e4 Be7 6. Be2 Nbd7 7. Nf3 Nf8 8. O-O Ng6 9. Ne1 a6 10. Nd3 O-O 11. a3 Nd7 12. Bh5 Bg5 13. Bxg6 hxg6 14. Bxg5 Qxg5 15. Qc1 Qh4 16. f4 exf4 17. Rxf4 Qe7 18. h4 Ne5 19. Nxe5 Qxe5 20. Qf1 b5 21. cxb5 axb5 22. Nxb5 Ba6 23. Rf2 Rfb8 24. a4 Qxe4 25. Re1 Qxa4 26. Rxf7 Bxb5 27. Rxg7+ Kh8 28. Rh7+ Kxh7 29. Re7+ Kh6 30. Qc1+ 1-0


[Site "https://www.chess.com"]

[Event "Titled Tuesday Blitz April 25 Late 2023"]
[White "Ghazarian, Kirk"]
[Black "Przybylski, Wojciech"]
[WhiteFideId "30908604"]
[BlackFideId "1117599"]
[WhiteElo "2346"]
[BlackElo "2222"]
[Result "1-0"]
[Round "10"]
[TimeControl "180+2"]
[Date "2023.04.25"]
[WhiteClock "0:00:07"]
[BlackClock "0:00:07"]

1. e4 e5 2. Nf3 Nf6 3. Nc3 Bb4 4. Nxe5 O-O 5. Be2 Re8 6. Nd3 Bxc3 7. dxc3 Nxe4 8. O-O d5 9. Bf4 c6 10. h3 Bf5 11. Bh2 Qb6 12. Rb1 Nd7 13. a4 a5 14. Nf4 Ne5 15. Bd3 Rad8 16. Bxe4 dxe4 17. Qe2 h6 18. b3 Nd7 19. Qe3 Qa6 20. Rbd1 Nf6 21. Rfe1 g5 22. c4 Bh7 23. Ne2 b5 24. Qc3 Nh5 25. axb5 cxb5 26. cxb5 Qxb5 27. Nd4 Qb6 28. Kh1 Nf4 29. Bxf4 gxf4 30. Nc6 Rc8 31. Ne7+ Rxe7 32. Qxc8+ Kg7 33. Qg4+ Bg6 34. Qxf4 Qc5 35. c4 a4 36. bxa4 Qxc4 37. a5 Qb5 38. Ra1 Ra7 39. Qe3 Ra6 40. Reb1 Qe5 41. Re1 Rxa5 42. Rxa5 Qxa5 43. Rc1 h5 44. Rc5 Qa1+ 45. Kh2 Qf6 46. Qg3 h4 47. Qe5 Qxe5+ 48. Rxe5 Kf6 49. Ra5 Ke6 50. Kg1 Kf6 51. Kf1 Ke6 52. Ke2 Kf6 53. Ke3 Ke6 54. Ra3 Ke5 55. Rc3 f5 56. Rc1 f4+ 57. Kd2 Bf5 58. Rc7 Kf6 59. Rc5 Ke6 60. Kc3 Kf6 61. Kd4 Ke6 62. Rc6+ Ke7 63. Rh6 e3 64. fxe3 f3 65. gxf3 Bxh3 66. Rxh4 Bg2 67. Rf4 Ke6 68. Kd3 Bh3 69. Ke2 Ke5 70. Kf2 Bd7 71. Rd4 Bc6 72. Rd2 Kf5 73. e4+ Kf4 74. Re2 Bb5 75. Re1 Bc4 76. Rc1 Be6 77. Rc5 Bd7 78. Ra5 Be8 79. Rf5# 1-0


[Site "https://www.chess.com"]

[Event "Titled Tuesday Blitz April 25 Late 2023"]
[White "O`Gorman, Tom"]
[Black "Bryakin, Mikhail"]
[WhiteFideId "2508249"]
[BlackFideId "4165314"]
[WhiteElo "2271"]
[BlackElo "2447"]
[Result "1-0"]
[Round "10"]
[TimeControl "180+2"]
[Date "2023.04.25"]
[WhiteClock "0:00:06"]
[BlackClock "0:00:01"]

1. e4 g6 2. d4 Bg7 3. Nc3 d6 4. Be3 Nd7 5. h4 h5 6. Nf3 e5 7. Bc4 Nh6 8. Ng5 c6 9. a4 Qe7 10. f3 Nf8 11. Qd2 exd4 12. Bxd4 Bxd4 13. Qxd4 Qe5 14. O-O-O Qxd4 15. Rxd4 f6 16. Nh3 Ke7 17. Nf4 Nf7 18. Bxf7 Kxf7 19. Rxd6 Ne6 20. Nxe6 Bxe6 21. Rhd1 Ke7 22. Ne2 g5 23. R6d2 a5 24. Rh1 Rag8 25. hxg5 fxg5 26. Nd4 Bd7 27. Nb3 b6 28. Nd4 h4 29. b3 b5 30. axb5 cxb5 31. Kb2 a4 32. Ne2 Rc8 33. c3 axb3 34. Nd4 Rc4 35. Nxb3 Rhc8 36. Rc1 g4 37. Rd5 h3 38. gxh3 gxf3 39. Nd4 b4 40. Nxf3 bxc3+ 41. Kc2 Rxe4 42. Kd3 Rf4 43. Nd4 Rh4 44. Re5+ Kd8 45. Re3 Rc5 46. Rxc3 Rd5 47. Kc2 Rdxd4 48. Kb2 Rb4+ 49. Rb3 Rxb3+ 50. Kxb3 Bxh3 51. Kc3 Kd7 52. Kd2 Be6 53. Ke1 Kd6 54. Re2 Bd5 55. Rd2 Rh3 56. Rf2 Ke5 57. Re2+ Be4 58. Rd2 Kf4 59. Rf2+ Bf3 60. Rd2 Rh1+ 61. Kf2 Ra1 62. Rd8 Ra2+ 63. Ke1 Ke3 64. Re8+ Be4 65. Rd8 Re2+ 66. Kd1 Rb2 67. Ke1 Rh2 68. Rf8 Rg2 69. Rf7 Rg8 70. Rf6 Rb8 71. Rd6 Rh8 72. Rf6 1-0


[Site "https://www.chess.com"]